 Dungeon Crawl Stone Soup version 0.27-a0-637-g3a9f0a9c12 (webtiles) character file.

Game seed: 9032345944453447576

8390 shoop the Cleaver (level 11, -2/142 HPs)
             Began as a Palentonga Abyssal Knight on Mar 14, 2021.
             Was an Elder of Lugonu.
             Slain by Rupert
             ... wielding a +2 triple sword of holy wrath
              (5 damage)
             ... on level 14 of the Dungeon.
             The game lasted 00:35:20 (14682 turns).

shoop the Cleaver (Palentonga Abyssal Knight)      Turns: 14682, Time: 00:35:21

Health: -2/142     AC: 25    Str: 18    XL:     11   Next: 9%
Magic:  12/18      EV:  1    Int: 19    God:    Lugonu [****..]
Gold:   665        SH:  0    Dex: 10    Spells: 10/10 levels left

rFire    + . .     SeeInvis +   K - +4 dire flail
rCold    x . .     Faith    .   (shield currently unavailable)
rNeg     + + +     Spirit   .   (armour currently unavailable)
rPois    +         Reflect  .   (helmet currently unavailable)
rElec    .         Harm     .   (cloak currently unavailable)
rCorr    .         Rampage  .   (gloves currently unavailable)
Will     .....     NoTele   +   (no barding)
Stlth    +.........             (no amulet)
HPRegen  0.33/turn              d - +6 ring of intelligence
MPRegen  0.16/turn              x - ring of fire

@: mighty, tree-form
A: stationary, stasis, torment immunity, boosted hp, large, rugged brown scales
3, see invisible, (deformed body), (roll 1), (armoured tail), (reflexive curl)
a: Renounce Religion, Depart the Abyss, Bend Space, Banish, Corrupt


You were on level 14 of the Dungeon.
You worshipped Lugonu.
Lugonu was greatly pleased with you.
You were a tree.
You visited 1 branch of the dungeon, and saw 12 of its levels.
You visited the Abyss 1 time.
You also visited: Sewer.

You collected 665 gold pieces.

Inventory:

Hand Weapons
 a - a +1 hand axe
 q - a +1 falchion of draining
 y - a +2 spectral quarterstaff
 K - a +4 dire flail (weapon)
Missiles
 p - 6 boomerangs (quivered)
Armour
 b - a +0 leather armour
 t - a +0 troll leather armour {Purgy}
 D - a +0 cloak
 E - a +3 leather armour of willpower (melded)
 H - a +0 cloak of stealth (melded)
Jewellery
 d - a +6 ring of intelligence (right branch)
 x - a ring of fire (left branch)
 I - a ring of ice
Wands
 l - a wand of flame (14)
 s - a wand of mindburst (13)
 M - a wand of polymorph (9)
 O - a wand of iceblast (8)
Scrolls
 c - a scroll of acquirement {unknown}
 f - 4 scrolls of teleportation
 g - a scroll of amnesia
 i - 2 scrolls of blinking
 j - 2 scrolls of immolation
 n - a scroll of magic mapping {unknown}
 B - a scroll of fog
 F - a scroll of enchant weapon {unknown}
Potions
 e - a potion of invisibility {unknown}
 h - 2 potions of flight
 k - 3 potions of curing {unknown}
 m - 2 potions of lignification
 o - a potion of magic
 r - 3 potions of mutation
 v - a potion of might
 z - 2 potions of brilliance
 A - 3 potions of haste
 C - a potion of berserk rage {unknown}
 G - 3 potions of attraction {unknown}
 J - a potion of ambrosia {unknown}
 L - a potion of resistance
Miscellaneous
 N - a tin of tremorstones (2/2)


   Skills:
 + Level 6.1 Fighting
 * Level 13.0 Axes
 - Level 1.5 Armour
 - Level 0.7 Dodging
 + Level 10.4 Invocations
 + Level 1.4 Evocations


You had 10 spell levels left.
You didn't know any spells.
Your spell library contained the following spells:

 Spells                   Type           Power      Damage    Failure   Level
 Shock                    Conj/Air       0%         1d3       21%         1
 Summon Small Mammal      Summ           0%         N/A       21%         1
 Call Imp                 Summ           0%         N/A       30%         2
 Swiftness                Air            0%         N/A       30%         2
 Call Canine Familiar     Summ           0%         N/A       52%         3
 Static Discharge         Conj/Air       0%         N/A       52%         3
 Summon Guardian Golem    Hex/Summ       0%         N/A       52%         3
 Airstrike                Air            0%         N/A       90%         4
 Summon Ice Beast         Ice/Summ       0%         N/A       90%         4
 Summon Lightning Spire   Summ/Air       0%         N/A       90%         4
 Lightning Bolt           Conj/Air       0%         1d11      99%         5


Dungeon Overview and Level Annotations

Branches:
Dungeon (11/15)            Temple (0/1) D:5            Lair (0/6) D:9
    Orc (0/2) D:9          Vaults (0/5) D:14          Sewer (visited)

Altars:
Ashenzari
Cheibriados
Dithmenos
Gozag
Nemelex Xobeh
Qazlal
Sif Muna
Uskayaw
Vehumet
Xom
Yredelemnul
Zin
The Shining One

Shops:
D:7 [

Annotations:
D:4 3 runed translucent doors, Edmund; ShadowManNeo's ghost, novice HuCj
D:8 3 runed translucent doors, scarywalker64's ghost, novice GrEE
D:9 3 runed translucent doors, LufLufFighter's ghost, novice MfTm
D:14 corrupted, Rupert; Snorg; Urug


Innate Abilities, Weirdness & Mutations

You are a tree.
Your roots penetrate the ground, keeping you stationary.
You cannot be teleported.
You are immune to unholy pain and torment.
Your maximum health is greatly increased.
Your equipment is partially melded.
(You are completely covered in rugged brown scales. (AC +3, +7% HP))
You have supernaturally acute eyesight. (SInv)
((Armour fits poorly on your strangely shaped body.))
((You can roll at nearby foes to attack.))
((You have a long armoured tail.))
((You curl defensively after being hit.))


Message History

The tentacled monstrosity tentacle-slaps the fire elemental.
The tentacled monstrosity tentacle-slaps the fire elemental!
The fire elemental is destroyed!
The chaos spawn gores the human.
The human dies!
The thrashing horror tramples the human!
The human holds its ground!
The human dies!
The human barely misses the tentacled starspawn.
Something hits the raiju!!
The raiju dies!
The raiju's corpse disappears in a puff of smoke!
You impale Rupert!!
Rupert is moderately wounded.
The black mamba changes into a salamander!
The thrashing horror tramples the bullfrog.
The bullfrog holds its ground!
The thrashing horror's attack snaps the bullfrog out of its fear.
The thrashing horror tramples the bullfrog.
The bullfrog holds its ground!
Rupert hits you with a +2 triple sword of holy wrath!!
* * * LOW HITPOINT WARNING * * *
The redback bites you!
* * * LOW HITPOINT WARNING * * *
The ancient lich touches the fire elemental!
The starspawn tentacle grabs the green ugly thing.
The starspawn tentacle constricts the green ugly thing.
The green ugly thing trunk-slaps the starcursed mass!
The starcursed mass is destroyed!
The tentacled starspawn bites the human!!
The human dies!
The tentacled monstrosity tentacle-slaps the green ugly thing! x2
The green ugly thing dies!
A komodo dragon comes into view.
The redback bites you but does no damage.
You hear a horrible gurgling sound!
It was a potion of might.
You feel very mighty all of a sudden.
Rupert hits you with a +2 triple sword of holy wrath.
You die...

#...........hlp......
#...p><...#.....X....
#....<∩Y##...#5.#....
#.ppN.uZpT○°.X.......
#......uZEE#.ww..#...
#......T.u.†.X)#.....
#.......s.L.XA.......
#.p.p..♣@FX#XZ.#§....
#.#######x.†.§....... #.#
#..X)##....... #.#
##..X....#.... ##.#
#...#....X..$. #####..#
#....#..#.....
#####......###
#.##p....#.....
#...#........#
####p..........
#...#.....co.####.........


You could see Rupert (berserk), Snorg, 3 ugly things, a salamander shaped
shifter, a komodo dragon, a troll (fleeing, drained), an unseen horror
(invisible), a raiju (summoned, fleeing), 2 fire elementals, 7 humans, a redback
shaped shifter, a sky beast (fleeing), a bullfrog, a redback zombie, a centaur
warrior skeleton, a neutral profane servitor (summoned), 3 neutral starcursed
masses, a neutral tentacled monstrosity (summoned), a neutral ancient lich
(summoned, invisible), a neutral tentacled starspawn (summoned), a neutral
thrashing horror (summoned), 2 neutral starspawn tentacles and a neutral crimson
imp (summoned).

Vanquished Creatures
  Joseph (D:7)
  Sigmund (D:5)
  2 wyverns (D:9)
  A wraith (D:11)
  8 yaks
  A steam dragon (D:9)
  A basilisk (D:9)
  Menkaure (D:5)
  Purgy (Sewer)
  A sky beast (D:7)
  3 ice beasts
  2 orc warriors
  A black bear (D:9)
  A necrophage (D:11)
  6 ogres
  3 centaurs
  Blork the orc (D:5)
  6 bullfrogs
  A wyvern zombie (D:9)
  2 scorpions
  A water moccasin skeleton (D:9)
  A vampire bat (D:3)
  2 howler monkeys (D:6)
  4 wights (D:9)
  A bullfrog zombie (D:11)
  2 centaur zombies
  2 quasits
  2 hounds
  3 jellies
  A centaur skeleton (D:9)
  6 orc priests
  2 bullfrog skeletons
  3 iguanas
  15 orc wizards
  3 worker ants
  A hound zombie (D:7)
  4 hound skeletons
  A mummy (D:5)
  2 worker ant zombies (D:7)
  2 gnolls (D:4)
  21 adders
  4 white imps
  3 ufetubi
  An adder zombie (D:5)
  An adder skeleton (D:7)
  5 worms
  A dart slug (D:2)
  6 leopard geckos
  36 orcs
  7 giant cockroaches
  8 goblins
  8 hobgoblins
  9 jackals
  3 quokkas
  3 ball pythons
  A ball python skeleton (D:5)
  16 bats
  8 frilled lizards
  3 kobolds (D:3)
  A leopard gecko skeleton (D:4)
  A quokka skeleton (D:9)
  A quokka zombie (D:5)
  8 rats
257 creatures vanquished.

Vanquished Creatures (others)
  Azrael (D:14)
  A two-headed ogre (D:14)
  An unseen horror (D:14)
  5 ugly things (D:14)
  A wraith (D:14)
  A shadow (D:14)
  5 humans (D:14)
  2 fire elementals (D:14)
  2 hell hounds (D:14)
  A sky beast (D:14)
  A centaur (D:14)
  5 plants
26 creatures vanquished.

Grand Total: 283 creatures vanquished

Notes
Turn   | Place    | Note
-------+----------+-------------------------------------------
     0 | Abyss:1  | shoop the Palentonga Abyssal Knight began the quest for the
                  | Orb.
     0 | Abyss:1  | Reached XP level 1. HP: 20/20 MP: 2/2
    12 | D:1      | Escaped the Abyss
   460 | D:1      | Reached XP level 2. HP: 13/27 MP: 3/3
  1144 | D:1      | Found a shimmering altar of Xom.
  1342 | D:2      | Reached skill level 3 in Axes
  1342 | D:2      | Reached XP level 3. HP: 24/33 MP: 3/5
  1898 | D:2      | Found a hide-covered altar of Uskayaw.
  2298 | D:2      | Found a faded altar of an unknown god.
  2397 | D:2      | Reached ** piety under Lugonu
  2409 | D:3      | Reached XP level 4. HP: 34/40 MP: 6/6
  2714 | D:3      | Found a shadowy altar of Dithmenos.
  3461 | D:3      | Reached skill level 4 in Axes
  3475 | D:3      | Reached XP level 5. HP: 43/48 MP: 7/7
  3537 | D:3      | Reached skill level 1 in Evocations
  3583 | D:4      | Found a runed translucent gate.
  3583 | D:4      | Found a runed translucent gate.
  3583 | D:4      | Found a runed translucent gate.
  3584 | D:4      | Noticed ShadowManNeo's ghost (novice HuCj)
  3634 | D:4      | Found a broken altar of Ashenzari.
  4147 | D:4      | Noticed Edmund
  4185 | D:5      | Entered Level 5 of the Dungeon
  4185 | D:5      | Found a staircase to the Ecumenical Temple.
  4689 | D:4      | Reached skill level 5 in Axes
  4724 | D:3      | Reached XP level 6. HP: 22/51 MP: 9/9
  5249 | D:4      | Reached *** piety under Lugonu
  5872 | D:5      | Reached skill level 6 in Axes
  5930 | D:5      | Noticed Menkaure
  5947 | D:5      | Killed Menkaure
  5948 | D:5      | Reached skill level 5 in Invocations
  5948 | D:5      | Gained mutation: You curl defensively after being hit.
                  | [Palentonga growth]
  5948 | D:5      | Reached XP level 7. HP: 14/60 MP: 7/10
  6447 | D:5      | Noticed Blork the orc
  6455 | D:5      | Killed Blork the orc
  6680 | D:5      | Found a sparkling altar of Nemelex Xobeh.
  6699 | D:5      | Reached skill level 7 in Axes
  6849 | D:5      | Noticed Sigmund
  6862 | D:5      | Killed Sigmund
  7063 | D:5      | Found a snail-covered altar of Cheibriados.
  7148 | D:5      | Found a shimmering blue altar of Sif Muna.
  7187 | D:5      | Reached XP level 8. HP: 51/67 MP: 12/12
  7360 | D:6      | Found a glowing drain.
  7511 | Sewer    | Entered a sewer
  7583 | Sewer    | Noticed Purgy
  7593 | Sewer    | Killed Purgy
  7594 | Sewer    | Reached skill level 8 in Axes
  8325 | D:6      | Reached skill level 9 in Axes
  8943 | D:6      | Reached XP level 9. HP: 38/73 MP: 14/14
  8978 | D:7      | Reached **** piety under Lugonu
  9032 | D:7      | Reached skill level 10 in Axes
  9217 | D:7      | Noticed Joseph
  9230 | D:7      | Killed Joseph
  9412 | D:7      | Found Ramerphi's Armour Emporium.
  9535 | D:7      | Found a basalt altar of Yredelemnul.
  9969 | D:8      | Reached skill level 11 in Axes
 10077 | D:8      | HP: 2/73 [ogre/+0 giant spiked club (16)]
 10477 | D:8      | Noticed a two-headed ogre
 10483 | D:8      | Banished a two-headed ogre
 10484 | D:8      | Reached XP level 10. HP: 61/83 MP: 7/16
 10829 | D:8      | Found a glowing silver altar of Zin.
 11021 | D:8      | Found a stormy altar of Qazlal.
 11021 | D:8      | Found a radiant altar of Vehumet.
 11034 | D:8      | Found a glowing golden altar of the Shining One.
 11045 | D:8      | Found a broken altar of Ashenzari.
 11160 | D:8      | Found a runed translucent gate.
 11161 | D:8      | Found a runed translucent gate.
 11162 | D:8      | Found a runed translucent gate.
 11163 | D:8      | Noticed scarywalker64's ghost (novice GrEE)
 11514 | D:9      | Found a staircase to the Orcish Mines.
 11555 | D:9      | Found a runed translucent gate.
 11681 | D:9      | Found an opulent altar of Gozag.
 11837 | D:9      | Noticed LufLufFighter's ghost (novice MfTm)
 11863 | D:9      | Reached skill level 12 in Axes
 12109 | D:9      | Found a runed translucent gate.
 12109 | D:9      | Found a runed translucent gate.
 12328 | D:9      | Reached skill level 5 in Fighting
 12683 | D:9      | Found a staircase to the Lair.
 13165 | D:10     | Entered Level 10 of the Dungeon
 13278 | D:10     | Reached skill level 10 in Invocations
 13777 | D:10     | Noticed a two-headed ogre
 13779 | D:10     | Banished a two-headed ogre
 13939 | D:10     | Reached XP level 11. HP: 90/95 MP: 18/18
 14286 | D:11     | Reached skill level 13 in Axes
 14643 | D:11     | You fall into a shaft and drop 3 floors!
 14643 | D:14     | Found a gate to the Vaults.
 14643 | D:14     | Noticed a centaur warrior
 14643 | D:14     | Noticed Urug
 14664 | D:14     | Noticed a brown ugly thing
 14664 | D:14     | Noticed a brown ugly thing
 14664 | D:14     | Noticed a brown ugly thing
 14664 | D:14     | Noticed a red ugly thing
 14664 | D:14     | Noticed an unseen horror
 14664 | D:14     | Noticed an unseen horror
 14664 | D:14     | Noticed Azrael
 14664 | D:14     | Noticed a brown ugly thing
 14664 | D:14     | Noticed a red ugly thing
 14664 | D:14     | Noticed Rupert
 14664 | D:14     | Noticed a two-headed ogre
 14664 | D:14     | Noticed a red ugly thing
 14664 | D:14     | Noticed a red ugly thing
 14665 | D:14     | Corrupted D:14
 14665 | D:14     | Noticed a thrashing horror
 14665 | D:14     | Noticed a thrashing horror
 14665 | D:14     | Noticed an ancient lich
 14665 | D:14     | Noticed a tentacled monstrosity
 14665 | D:14     | Noticed a profane servitor
 14665 | D:14     | Noticed Snorg
 14669 | D:14     | Noticed a starcursed mass
 14669 | D:14     | Killed an unseen horror
 14672 | D:14     | Killed a two-headed ogre
 14676 | D:14     | Noticed a tentacled starspawn
 14676 | D:14     | Killed a red ugly thing
 14676 | D:14     | Killed a red ugly thing
 14677 | D:14     | Killed Azrael
 14678 | D:14     | Killed a green ugly thing
 14679 | D:14     | HP: 4/142 [Rupert/+2 triple sword of holy wrath (18)]
 14679 | D:14     | Killed a red ugly thing
 14681 | D:14     | Killed a green ugly thing
 14682 | D:14     | Slain by Rupert

Illustrated notes

Levels and vault maps discovered:
D:1:      sevenhm_arrival_forest_fort_small_5, layout_loops_ring,
          xom_teletrap_fun
D:2:      layout_basic, nicolae_uskayaw_dance_hall,
          chequers_ecumenical_altar_lobes
D:3:      layout_loops_ring, grunt_dithmenos_smoke, roderic_batcave,
          minmay_misc_feat_plants
D:4:      layout_loops_ring, gammafunk_ghost_split, evilmike_ruin_ashenzari,
          uniq_edmund
D:5:      layout_loops_ring, slow_altar_2, nemelex_xobeh_ov_fountains_minmay,
          led_sif_pool, minmay_temple_entry_proselytizer, uniq_blork_the_orc,
          uniq_sigmund, uniq_menkaure
D:6:      layout_cave_pods, gup_sewer_entry_glass
D:7:      layout_loops_ring, kennysheep_mini, serial_shops, shop, uniq_joseph
D:8:      layout_basic, minmay_overflow_temple_star_hex,
          gammafunk_ghost_nasty_kobolds
D:9:      layout_rooms, grunt_gozag_statues, erik_lair_dragon, orc_0_dummy,
          gammafunk_ghost_icy
D:10:     layout_roguey
D:11:     layout_basic, serial_glass, glass_columns_a, glass_columns_a,
          minmay_misc_feat_iff, minivault_11
D:14:     layout_cross, david_vaults_3, gauntlet_entry_generic, uniq_azrael,
          uniq_kirke, uniq_snorg

Skill      XL: |  1  2  3  4  5  6  7  8  9 10 11 |
---------------+----------------------------------+-----
Axes           | 3 4 5 6 7 9 11 12 13 | 13.0
Invocations    | 3 4 5 6 7 9 10 | 10.4
Evocations     | 1 |  1.4
Fighting       | 6 |  6.1
Armour         | |  1.5
Dodging        | |  0.7

Action                   |  1- 3 |  4- 6 |  7- 9 | 10-12 || total
-------------------------+-------+-------+-------+-------++-------
Melee: Hand axe          |   128 |   253 |   166 |       ||   547
       Tailslap          |     9 |    25 |    43 |    28 ||   105
       Quarterstaff      |       |       |   121 |    54 ||   175
       Dire flail        |       |       |       |   148 ||   148
Throw: Boomerang         |       |     2 |     9 |     2 ||    13
Invok: Bend Space        |       |     4 |     2 |     7 ||    13
       Banish            |       |       |     4 |     4 ||     8
       Corrupt           |       |       |       |     1 ||     1
 Abil: Rolling Charge    |     3 |    20 |    27 |    29 ||    79
Evoke: Wand              |       |       |     5 |     2 ||     7
  Use: Potion            |       |     2 |     2 |     3 ||     7
       Scroll            |       |       |     7 |     6 ||    13
 Stab: Sleeping          |       |       |     1 |     2 ||     3
       Distracted        |       |       |     3 |     1 ||     4
Armor: Leather armour    |    55 |    71 |    45 |    67 ||   238
       Troll leather arm |       |       |    46 |       ||    46
       Skin              |       |       |       |    20 ||    20
Dodge: Dodged            |    72 |   106 |   114 |    57 ||   349

Table legend: (Time is in decaauts)
 A = Elapsed time spent in this place.
 B = Non-inter-level travel time spent in this place.
 C = Inter-level travel time spent in this place.
 D = Time resting spent in this place.
 E = Time spent auto-exploring this place.
 F = Levels seen in this place.
 G = Mean time per level.
                   A        B        C        D        E       F      G
               +--------+--------+--------+--------+--------+-----+--------+
         Total |  14802 |  14334 |    468 |   2344 |   9765 |  14 | 1057.3 |
       Dungeon |  14383 |  13915 |    468 |   2344 |   9452 |  12 | 1198.6 |
         Abyss |     12 |     12 |      0 |      0 |      4 |   1 |   12.0 |
         Sewer |    406 |    406 |      0 |      0 |    308 |   1 |  406.0 |
               +--------+--------+--------+--------+--------+-----+--------+

Top non-repeatable levels by time:
     D:9: 1657 daAuts
     D:8: 1640 daAuts
     D:4: 1556 daAuts
     D:5: 1551 daAuts
     D:3: 1535 daAuts
     D:1: 1473 daAuts
     D:6: 1281 daAuts
     D:2: 1169 daAuts
    D:10: 1085 daAuts
     D:7: 1012 daAuts
   Sewer: 406 daAuts
    D:11: 383 daAuts
    D:14: 37 daAuts
 Abyss:1: 12 daAuts
